General information
- name: BNet
- type: Ladder team game (AT/RT)
- host: Battle.net
- saver: STormsINjuly
map: Everfrost
- players: 6
- length: 27:23
- speed: Fast
- version: 1.28 W3XP
- replay type:

» download(284 KB)
Players
team 1 (winner)
iceboy (
purple | 118 APM | 3239 actions | 27:21)
5 Archmage
3 Blizzard
2 Brilliance Aura
5 Mountain King
3 Storm Bolt
2 Bash
» actions
| Assign group hotkey | 368 | |
| Basic commands | 22 | |
| Build / train | 102 | |
| Enter build submenu | 50 | |
| Enter hero's abilities submenu | 11 | |
| Give item / drop item | 2 | |
| Remove unit from queue | 2 | |
| Right click | 1600 | |
| Select / deselect | 252 | |
| Select group hotkey | 640 | |
| Use ability | 190 | |
3239 total
» units
| Peasant | 19 | |
| Dragonhawk Rider | 7 | |
26 total
» upgrades
| Masonry | 3 | |
| Lumber Harvesting | 2 | |
| Magic Sentry | 1 | |
| Long Rifles | 0 | |
| Swords | 3 | |
| Armor | 2 | |
| Animal War Training | 1 | |
12 total
» buildings
| Altar of Kings | 1 | |
| Farm | 6 | |
| Lumber Mill | 1 | |
| Scout Tower | 66 | |
| Arcane Tower | 4 | |
| Guard Tower | 28 | |
| Arcane Vault | 2 | |
| Keep | 1 | |
| Castle | 1 | |
| Arcane Sanctum | 1 | |
| Gryphon Aviary | 1 | |
| Barracks | 1 | |
| Blacksmith | 2 | |
| Town Hall | 1 | |
116 total
» build order
00:04 Altar of Kings
00:18 Farm
00:34 Lumber Mill
00:45 Farm
01:08 Scout Tower
01:09 Scout Tower
01:28 Scout Tower
01:39 Arcane Tower
01:39 Arcane Tower
02:03 Guard Tower
02:03 Guard Tower
02:03 Guard Tower
02:15 Scout Tower
02:28 Guard Tower
02:45 Arcane Vault
02:59 Scout Tower
03:26 Guard Tower
03:26 Guard Tower
03:27 Scout Tower
03:30 Scout Tower
03:31 Scout Tower
03:31 Scout Tower
03:57 Keep
04:02 Scout Tower
04:19 Guard Tower
05:05 Guard Tower
05:07 Scout Tower
05:44 Guard Tower
05:46 Scout Tower
05:47 Scout Tower
05:50 Scout Tower
05:54 Farm
05:55 Farm
06:16 Guard Tower
06:18 Guard Tower
06:26 Scout Tower
06:26 Scout Tower
06:27 Scout Tower
06:27 Scout Tower
06:29 Scout Tower
06:29 Scout Tower
07:01 Guard Tower
07:13 Scout Tower
07:14 Scout Tower
07:14 Scout Tower
07:15 Scout Tower
07:21 Guard Tower
07:55 Castle
08:14 Guard Tower
08:14 Guard Tower
08:22 Guard Tower
08:40 Guard Tower
08:42 Scout Tower
09:48 Guard Tower
09:49 Scout Tower
09:50 Scout Tower
09:50 Scout Tower
09:51 Scout Tower
09:51 Scout Tower
10:32 Arcane Sanctum
10:46 Guard Tower
11:11 Scout Tower
11:12 Scout Tower
11:13 Guard Tower
12:05 Scout Tower
12:06 Scout Tower
12:07 Guard Tower
12:47 Scout Tower
13:03 Scout Tower
13:06 Gryphon Aviary
13:07 Barracks
13:09 Blacksmith
13:36 Guard Tower
13:38 Scout Tower
13:38 Scout Tower
14:08 Town Hall
14:12 Guard Tower
14:14 Scout Tower
14:15 Scout Tower
14:16 Scout Tower
14:17 Scout Tower
14:17 Scout Tower
14:17 Scout Tower
14:18 Scout Tower
14:18 Scout Tower
14:20 Scout Tower
14:20 Scout Tower
14:21 Scout Tower
14:22 Scout Tower
14:23 Scout Tower
14:23 Scout Tower
14:25 Scout Tower
14:26 Scout Tower
14:27 Scout Tower
14:28 Scout Tower
16:26 Guard Tower
16:27 Arcane Vault
16:29 Scout Tower
16:29 Scout Tower
16:30 Scout Tower
17:18 Blacksmith
18:39 Guard Tower
19:44 Guard Tower
19:48 Scout Tower
19:48 Scout Tower
19:49 Scout Tower
19:50 Scout Tower
19:50 Scout Tower
19:51 Scout Tower
19:51 Scout Tower
19:59 Farm
19:59 Farm
20:38 Guard Tower
22:53 Arcane Tower
22:54 Guard Tower
23:07 Arcane Tower
» items
| Healing Salve | 5 | |
| Lesser Clarity Potion | 1 | |
| Scroll of Speed | 1 | |
| Boots of Speed | 2 | |
| Staff of Teleportation | 3 | |
| Orb of Lightning | 1 | |
| Scroll of Town Portal | 2 | |
| Staff of Sanctuary | 1 | |
| Scroll of Regeneration | 1 | |
17 total
STormsINjuly (
teal | 73 APM | 1989 actions | 27:23)
6 Archmage
3 Blizzard
2 Brilliance Aura
1 Mass Teleport
» actions
| Assign group hotkey | 79 | |
| Basic commands | 11 | |
| Build / train | 140 | |
| Enter build submenu | 76 | |
| Enter hero's abilities submenu | 6 | |
| Give item / drop item | 3 | |
| Remove unit from queue | 1 | |
| Right click | 1017 | |
| Select / deselect | 485 | |
| Select group hotkey | 1 | |
| Use ability | 167 | |
1989 total
» units
» upgrades
| Masonry | 3 | |
| Lumber Harvesting | 2 | |
| Magic Sentry | 1 | |
6 total
» buildings
| Altar of Kings | 1 | |
| Farm | 3 | |
| Lumber Mill | 1 | |
| Scout Tower | 87 | |
| Guard Tower | 82 | |
| Arcane Tower | 1 | |
| Town Hall | 3 | |
| Keep | 1 | |
| Castle | 1 | |
| Arcane Vault | 1 | |
| Arcane Sanctum | 1 | |
182 total
» build order
00:06 Altar of Kings
00:19 Farm
00:54 Lumber Mill
01:07 Scout Tower
01:34 Scout Tower
01:36 Scout Tower
01:46 Farm
01:55 Guard Tower
01:55 Guard Tower
02:00 Guard Tower
02:00 Guard Tower
02:03 Guard Tower
02:03 Guard Tower
02:07 Scout Tower
02:12 Scout Tower
02:26 Scout Tower
02:27 Scout Tower
02:29 Scout Tower
02:42 Guard Tower
02:42 Guard Tower
02:49 Guard Tower
02:50 Guard Tower
03:04 Guard Tower
03:04 Guard Tower
03:09 Scout Tower
03:11 Scout Tower
03:20 Scout Tower
03:42 Guard Tower
03:42 Guard Tower
03:44 Scout Tower
03:44 Scout Tower
03:44 Scout Tower
04:02 Guard Tower
04:02 Guard Tower
04:05 Scout Tower
04:05 Scout Tower
04:16 Guard Tower
04:16 Guard Tower
04:18 Scout Tower
04:18 Scout Tower
04:24 Guard Tower
04:58 Guard Tower
04:58 Guard Tower
05:00 Scout Tower
05:02 Scout Tower
05:03 Scout Tower
05:20 Scout Tower
05:21 Scout Tower
05:22 Guard Tower
05:22 Guard Tower
05:23 Guard Tower
05:25 Arcane Tower
05:36 Guard Tower
05:36 Guard Tower
05:38 Guard Tower
05:39 Scout Tower
05:42 Scout Tower
06:02 Scout Tower
06:07 Guard Tower
06:07 Guard Tower
06:29 Guard Tower
06:30 Scout Tower
06:37 Guard Tower
06:37 Guard Tower
06:40 Scout Tower
07:00 Guard Tower
07:04 Scout Tower
07:05 Scout Tower
07:21 Guard Tower
07:24 Guard Tower
07:24 Guard Tower
07:35 Scout Tower
07:38 Scout Tower
07:39 Scout Tower
07:42 Scout Tower
07:53 Guard Tower
07:53 Guard Tower
08:30 Guard Tower
08:32 Scout Tower
08:33 Scout Tower
08:33 Scout Tower
08:34 Scout Tower
08:57 Guard Tower
08:58 Guard Tower
08:58 Guard Tower
09:04 Guard Tower
09:04 Guard Tower
09:05 Guard Tower
10:06 Guard Tower
10:23 Town Hall
10:34 Keep
11:15 Scout Tower
11:16 Scout Tower
11:17 Scout Tower
12:35 Guard Tower
12:35 Guard Tower
12:37 Scout Tower
12:37 Scout Tower
12:44 Scout Tower
12:44 Scout Tower
12:46 Scout Tower
12:46 Scout Tower
13:17 Guard Tower
13:18 Guard Tower
13:39 Guard Tower
13:39 Guard Tower
13:49 Town Hall
13:50 Guard Tower
13:50 Guard Tower
13:53 Scout Tower
13:53 Scout Tower
14:25 Guard Tower
14:25 Guard Tower
14:29 Castle
14:33 Guard Tower
14:33 Guard Tower
14:42 Scout Tower
14:43 Scout Tower
14:43 Scout Tower
14:59 Guard Tower
14:59 Guard Tower
15:46 Scout Tower
15:46 Scout Tower
15:47 Scout Tower
15:48 Scout Tower
15:49 Scout Tower
16:19 Guard Tower
16:19 Guard Tower
16:23 Scout Tower
16:23 Scout Tower
16:24 Scout Tower
16:24 Scout Tower
16:29 Scout Tower
16:29 Scout Tower
16:40 Scout Tower
16:40 Scout Tower
16:49 Guard Tower
16:51 Scout Tower
16:52 Scout Tower
16:52 Scout Tower
16:54 Scout Tower
16:54 Scout Tower
17:05 Guard Tower
17:05 Guard Tower
17:09 Guard Tower
17:09 Guard Tower
17:13 Arcane Vault
17:18 Guard Tower
17:18 Guard Tower
17:55 Guard Tower
18:20 Guard Tower
18:22 Scout Tower
18:23 Scout Tower
18:33 Scout Tower
18:35 Scout Tower
18:35 Scout Tower
19:06 Scout Tower
19:26 Guard Tower
19:27 Guard Tower
19:37 Farm
19:39 Guard Tower
19:44 Town Hall
19:47 Scout Tower
19:48 Scout Tower
19:49 Scout Tower
19:52 Scout Tower
20:01 Scout Tower
20:02 Guard Tower
20:02 Guard Tower
21:04 Guard Tower
21:04 Guard Tower
21:06 Guard Tower
21:06 Guard Tower
23:24 Arcane Sanctum
25:56 Scout Tower
25:57 Scout Tower
25:57 Scout Tower
25:59 Scout Tower
26:25 Guard Tower
26:25 Guard Tower
26:28 Scout Tower
26:29 Scout Tower
» items
| Staff of Teleportation | 1 | |
| Boots of Speed | 1 | |
| Healing Salve | 2 | |
| Potion of Healing | 1 | |
5 total
timg4strok (
blue | 102 APM | 2783 actions | 27:21)
7 Blademaster
3 Wind Walk
3 Critical Strike
1 Bladestorm
» actions
| Assign group hotkey | 16 | |
| Basic commands | 5 | |
| Build / train | 68 | |
| Enter build submenu | 58 | |
| Enter hero's abilities submenu | 7 | |
| Give item / drop item | 4 | |
| Right click | 1627 | |
| Select / deselect | 191 | |
| Select group hotkey | 614 | |
| Use ability | 193 | |
2783 total
» units
» upgrades
| Spiked Barricades | 1 | |
| Liquid Fire | 1 | |
| Reinforced Defenses | 1 | |
| Ranged Weapons | 3 | |
| Armor | 2 | |
| Troll Regeneration | 1 | |
9 total
» buildings
| Altar of Storms | 1 | |
| Orc Burrow | 4 | |
| Voodoo Lounge | 3 | |
| War Mill | 3 | |
| Stronghold | 1 | |
| Watch Tower | 44 | |
| Fortress | 2 | |
| Beastiary | 2 | |
| Great Hall | 1 | |
| Barracks | 1 | |
62 total
» build order
00:05 Altar of Storms
00:14 Orc Burrow
00:38 Voodoo Lounge
01:48 Voodoo Lounge
03:05 War Mill
03:09 Orc Burrow
03:28 Voodoo Lounge
04:17 Stronghold
05:25 Orc Burrow
05:43 Watch Tower
05:43 Watch Tower
05:51 Watch Tower
05:52 Watch Tower
06:36 Watch Tower
06:49 Fortress
06:49 Fortress
07:31 Beastiary
07:45 Watch Tower
08:07 Watch Tower
08:23 Watch Tower
08:55 War Mill
09:35 Watch Tower
09:36 Watch Tower
09:51 Beastiary
10:16 Orc Burrow
10:45 Watch Tower
10:45 Watch Tower
11:13 Great Hall
11:18 Watch Tower
11:54 Watch Tower
12:31 Watch Tower
13:25 Watch Tower
13:33 Watch Tower
15:47 Watch Tower
15:50 Watch Tower
16:43 Barracks
16:53 Watch Tower
16:54 Watch Tower
17:00 Watch Tower
18:35 Watch Tower
18:37 Watch Tower
18:37 Watch Tower
18:38 Watch Tower
20:03 Watch Tower
20:04 Watch Tower
20:05 Watch Tower
22:54 Watch Tower
22:55 Watch Tower
22:55 Watch Tower
22:56 Watch Tower
23:15 Watch Tower
23:15 Watch Tower
23:58 War Mill
25:20 Watch Tower
25:21 Watch Tower
25:22 Watch Tower
25:23 Watch Tower
25:38 Watch Tower
25:39 Watch Tower
25:40 Watch Tower
25:40 Watch Tower
26:24 Watch Tower
» items
| Healing Salve | 4 | |
| Lesser Clarity Potion | 5 | |
| Boots of Speed | 1 | |
| Staff of Teleportation | 2 | |
| Orb of Lightning | 1 | |
| Potion of Mana | 1 | |
14 total
team 2 (loser)

»
AlCaVajda (
orange | 96 APM | 2633 actions | 27:20)
4 Dreadlord
2 Sleep
2 Vampiric Aura
3 Death Knight
1 Death Coil
2 Unholy Aura
» actions
| Assign group hotkey | 1 | |
| Build / train | 75 | |
| Enter build submenu | 21 | |
| Enter hero's abilities submenu | 7 | |
| Give item / drop item | 1 | |
| Remove unit from queue | 4 | |
| Right click | 1603 | |
| Select / deselect | 857 | |
| Use ability | 63 | |
2633 total
» units
| Acolyte | 8 | |
| Ghoul | 10 | |
| Crypt Fiend | 9 | |
| Obsidian Statue | 3 | |
| Necromancer | 6 | |
| Frost Wyrm | 8 | |
| Meatwagon | 2 | |
| Gargoyle | 3 | |
49 total
» upgrades
| Web | 1 | |
| Freezing Breath | 1 | |
| Creature Carapace | 3 | |
| Creature Attack | 1 | |
6 total
» buildings
| Crypt | 1 | |
| Ziggurat | 8 | |
| Altar of Darkness | 1 | |
| Nerubian Tower | 1 | |
| Tomb of Relics | 1 | |
| Halls of the Dead | 1 | |
| Graveyard | 1 | |
| Slaughterhouse | 1 | |
| Temple of the Damned | 1 | |
| Black Citadel | 1 | |
| Sacrificial Pit | 1 | |
| Necropolis | 1 | |
| Boneyard | 1 | |
| Spirit Tower | 2 | |
22 total
» build order
00:07 Crypt
00:10 Ziggurat
00:33 Altar of Darkness
01:09 Ziggurat
01:25 Nerubian Tower
02:14 Tomb of Relics
03:33 Halls of the Dead
04:12 Graveyard
05:47 Ziggurat
05:49 Ziggurat
06:49 Slaughterhouse
06:55 Temple of the Damned
09:03 Black Citadel
09:10 Sacrificial Pit
11:19 Ziggurat
11:22 Ziggurat
11:30 Necropolis
11:44 Boneyard
13:40 Ziggurat
16:08 Ziggurat
16:10 Spirit Tower
20:45 Spirit Tower
» items
| Rod of Necromancy | 1 | |
| Dust of Appearance | 1 | |
2 total
M28 (
red | 58 APM | 1568 actions | 27:12)
2 Mountain King
1 Storm Bolt
1 Bash
» actions
| Assign group hotkey | 67 | |
| Basic commands | 31 | |
| Build / train | 87 | |
| ESC pressed | 1 | |
| Enter build submenu | 29 | |
| Enter hero's abilities submenu | 2 | |
| Remove unit from queue | 8 | |
| Right click | 709 | |
| Select / deselect | 365 | |
| Select group hotkey | 203 | |
| Use ability | 66 | |
1568 total
» units
| Peasant | 10 | |
| Footman | 3 | |
| Rifleman | 4 | |
| Mortar Team | 7 | |
| Flying Machine | 19 | |
| Siege Engine | 11 | |
| Sorceress | 2 | |
56 total
» upgrades
| Flak Cannons | 1 | |
| Flying Machine Bombs | 2 | |
| Sorceress Training | 1 | |
| Fragmentation Shards | 1 | |
5 total
» buildings
| Barracks | 1 | |
| Altar of Kings | 1 | |
| Farm | 8 | |
| Scout Tower | 4 | |
| Arcane Tower | 2 | |
| Keep | 3 | |
| Blacksmith | 1 | |
| Arcane Sanctum | 3 | |
| Workshop | 2 | |
| Castle | 1 | |
| Lumber Mill | 2 | |
| Arcane Vault | 1 | |
| Guard Tower | 1 | |
30 total
» build order
00:09 Barracks
00:25 Altar of Kings
00:38 Farm
01:29 Scout Tower
01:58 Arcane Tower
02:16 Farm
03:28 Keep
03:28 Keep
03:28 Keep
03:57 Farm
04:02 Blacksmith
06:07 Arcane Sanctum
06:13 Workshop
06:17 Arcane Sanctum
06:47 Farm
07:05 Farm
07:57 Scout Tower
08:02 Castle
08:38 Lumber Mill
08:41 Arcane Tower
10:27 Workshop
11:12 Lumber Mill
11:30 Farm
11:55 Farm
12:35 Farm
17:01 Arcane Vault
20:04 Scout Tower
20:08 Scout Tower
20:40 Guard Tower
21:34 Arcane Sanctum
» items
| Circlet of Nobility | 1 | |
| Scroll of Regeneration | 2 | |
| Lesser Clarity Potion | 2 | |
| Scroll of Town Portal | 2 | |
| Potion of Lesser Invulnerability | 1 | |
| Staff of Teleportation | 1 | |
9 total
Noobyis (
green | 107 APM | 2923 actions | 27:16)
3 Archmage
2 Summon Water Elemental
1 Brilliance Aura
2 Mountain King
1 Storm Bolt
1 Bash
» actions
| Assign group hotkey | 34 | |
| Basic commands | 57 | |
| Build / train | 89 | |
| Enter build submenu | 28 | |
| Enter hero's abilities submenu | 5 | |
| Remove unit from queue | 2 | |
| Right click | 1481 | |
| Select / deselect | 371 | |
| Select group hotkey | 788 | |
| Use ability | 68 | |
2923 total
» units
| Peasant | 32 | |
| Footman | 8 | |
| Dragonhawk Rider | 22 | |
| Gryphon Rider | 8 | |
70 total
» upgrades
» buildings
| Altar of Kings | 1 | |
| Barracks | 1 | |
| Farm | 10 | |
| Scout Tower | 3 | |
| Arcane Tower | 1 | |
| Keep | 1 | |
| Arcane Vault | 1 | |
| Lumber Mill | 1 | |
| Guard Tower | 2 | |
| Blacksmith | 1 | |
| Gryphon Aviary | 2 | |
| Castle | 1 | |
| Town Hall | 1 | |
| Arcane Sanctum | 1 | |
27 total
» build order
00:06 Altar of Kings
00:19 Barracks
00:34 Farm
00:49 Farm
01:29 Scout Tower
01:54 Farm
02:00 Arcane Tower
03:11 Scout Tower
03:38 Keep
03:41 Arcane Vault
03:44 Lumber Mill
05:54 Guard Tower
06:08 Blacksmith
06:18 Farm
07:07 Farm
07:13 Scout Tower
08:18 Guard Tower
08:23 Gryphon Aviary
09:34 Castle
10:51 Farm
11:11 Gryphon Aviary
13:58 Town Hall
20:02 Farm
20:35 Farm
21:16 Farm
21:37 Arcane Sanctum
25:12 Farm
» items
| Scroll of Regeneration | 1 | |
| Scroll of Town Portal | 1 | |
2 total
Chat log
(27:20 / All) iceboy: nooooob